 Dungeon Crawl Stone Soup version 0.30.1-4-g462c640d31 (webtiles) character file.

Game seed: 17107459758201214136

11539 Cheops the Jinx (level 11, 0/62 HPs)
             Began as a Deep Elf Conjurer on Sept 1, 2023.
             Was a Follower of Vehumet.
             Collided with a rock wall (12 damage)
             ... caused by Erica
             ... on level 9 of the Dungeon.
             The game lasted 01:09:13 (14897 turns).

Cheops the Jinx (Deep Elf Conjurer)                Turns: 14897, Time: 01:09:13

Health: 0/62       AC: 11    Str:  6    XL:     11   Next: 50%
Magic:  16/34      EV: 19    Int: 26    God:    Vehumet [*.....]
Gold:   38         SH:  0    Dex: 13    Spells: 9/26 levels left

rFire   . . .        a - +5 Force Lance {heavy, knockback}
rCold   . . .        (no shield)
rNeg    . . .        X - +0 acid dragon scales
rPois   .            v - +0 helmet
rElec   .            Y - +1 cloak
rCorr   +            q - +0 pair of gloves
SInv    .            p - +0 pair of boots
Will    +....        r - amulet of the acrobat
Stlth   ++           C - ring of magical power
HPRegen 0.30/turn    m - +5 ring of evasion
MPRegen 0.24/turn

%: acrobat
@: lethally poisoned (0 -> -6)
A: no striking features
a: Renounce Religion


You were on level 9 of the Dungeon.
You worshipped Vehumet.
Vehumet was aware of your devotion.
You visited 2 branches of the dungeon, and saw 11 of its levels.
You also visited: Ossuary and Bailey.

You collected 398 gold pieces.
You spent 360 gold pieces at shops.

Inventory:

Hand Weapons
 a - the +5 Force Lance (weapon) {heavy, knockback}
   (You took it off a centaur on level 8 of the Dungeon)
 b - a +1 dagger of venom
 c - a +4 dagger
 O - a +5 rapier of holy wrath
 P - a +4 halberd
 V - a +4 quarterstaff of chaos
Missiles
 y - 2 throwing nets
Armour
 p - a +0 pair of boots (worn)
 q - a +0 pair of gloves (worn)
 v - a +0 helmet (worn)
 E - a +2 robe of cold resistance
 M - +0 steam dragon scales
 Q - the +0 fire dragon scales of Valiance {rPois rF++ rC- Int+3}
   (You took it off a spriggan in a bailey)

   Int:       It affects your intelligence (+3).
   rF:        It greatly protects you from fire.
   rC:        It makes you vulnerable to cold.
   rPois:     It protects you from poison.
 S - the -1 cloak "Gur Kued" {Str+2 Int-5 SInv}
   (You found it on level 7 of the Dungeon)

   Str:       It affects your strength (+2).
   Int:       It affects your intelligence (-5).
   SInv:      It lets you see invisible.
 X - +0 acid dragon scales (worn)
 Y - a +1 cloak (worn)
Jewellery
 h - a ring of protection from fire
 j - a ring of flight
 m - a +5 ring of evasion (right hand)
 r - an amulet of the acrobat (around neck)
 w - a +6 ring of intelligence
 C - a ring of magical power (left hand)
 R - a +6 ring of intelligence
Wands
 x - a wand of flame (22)
 N - a wand of quicksilver (23)
 U - a wand of charming (13)
 W - a wand of roots (5)
Scrolls
 g - 4 scrolls of fog
 k - 3 scrolls of magic mapping {unknown}
 l - a scroll of torment {unknown}
 n - 3 scrolls of vulnerability
 t - 2 scrolls of blinking
 B - a scroll of noise {unknown}
 D - 5 scrolls of teleportation
 F - 2 scrolls of amnesia {unknown}
 G - 2 scrolls of fear
 H - 3 scrolls of enchant armour
 I - a scroll of immolation
 L - 5 scrolls of enchant weapon {unknown}
Potions
 d - 11 potions of curing
 e - 3 potions of ambrosia
 f - 2 potions of mutation
 i - 2 potions of heal wounds
 o - 4 potions of haste
 s - 2 potions of attraction
 u - 3 potions of magic
 z - 3 potions of lignification
 A - 3 potions of might
 J - a potion of brilliance
 K - 3 potions of flight


   Skills:
 + Level 4.8 Fighting
 - Level 11.0 Dodging
 - Level 2.4 Stealth
 - Level 8.0 Spellcasting
 - Level 10.0 Conjurations
 - Level 12.0 Hexes
 - Level 7.0 Translocations


You had 9 spell levels left.
You knew the following spells:

 Your Spells              Type           Power      Damage    Failure   Level
a - Magic Dart            Conj           100%       1d8       1%          1
b - Searing Ray           Conj           100%       2d8       1%          2
d - Dazzling Flash        Conj/Hex       100%       N/A       1%          3
i - Iskenderun's Mystic   Conj/Tloc      53%        2d11      3%          4
p - Fulminant Prism       Conj/Hex       30%        3d16      1%          4
C - Confusing Touch       Hex            64%        N/A       1%          3

Your spell library contained the following spells:

 Spells                   Type           Power      Damage    Failure   Level
 Foxfire                  Conj/Fire      100%       2x1d9     1%          1
 Kiss of Death            Conj/Necr      100%       2d13      1%          1
 Ensorcelled Hibernation  Hex/Ice        82%        N/A       1%          2
 Mephitic Cloud           Conj/Pois/Air  27%        N/A       9%          3
 Volatile Blastmotes      Fire/Tloc      56%        2d14      9%          3
 Anguish                  Hex/Necr       20%        N/A       10%         4
 Summon Small Mammal      Summ           40%        N/A       12%         1
 Call Imp                 Summ           20%        N/A       17%         2
 Ozocubu's Armour         Ice            10%        N/A       34%         3
 Spider Form              Tmut/Pois      10%        N/A       34%         3
 Dispel Undead            Necr           10%        3d9       75%         4
 Olgreb's Toxic Radiance  Pois           10%        N/A       75%         4
 Starburst                Conj/Fire      18%        6d7       92%         6
 Discord                  Hex            32%        N/A       99%         8
 Ozocubu's Refrigeration  Ice            5%         4d8       100%        7
 Ignition                 Fire           5%         3d4       100%        8


Dungeon Overview and Level Annotations

Branches:
Dungeon (10/15)            Temple (1/1) D:5            Lair (0/5) D:9
Ossuary (visited)          Bailey (visited)
    Orc: D:9-12

Altars:
Ashenzari
Cheibriados
Dithmenos
Elyvilon
Fedhas
Gozag
Hepliaklqana
Kikubaaqudgha
Makhleb
Nemelex Xobeh
Okawaru
Qazlal
Ru
Sif Muna
Trog
Uskayaw
Vehumet
Wu Jian
Xom
Yredelemnul
Zin
The Shining One

Shops:
D:5 ?

Annotations:
D:3 2 transporters
D:5 3 runed translucent doors, sheffield53's ghost, novice OgFE
D:9 Erica
D:10 Urug


Message History

The blast of energy engulfs the yak!
You kill the yak!
Vehumet accepts your kill.
You hear an angry buzzing noise. x2
Casting: Fulminant Prism (dangerous; 1% risk of failure)
Confirm with . or Enter, or press ? or * to list all spells.
Aiming: Fulminant Prism (dangerous; 1% risk of failure)
Press: ? - help, Dir - move target You conjure a prism of explosive energy!
A fulminant prism comes into view.
Urug throws a javelin.
The javelin pierces through your fulminant prism!
Your fulminant prism detonates feebly.
The javelin pierces through you.
You hear some strange, mumbled words.
A bolt of poison appears from out of thin air!
The bolt of poison hits you.
You are poisoned.
Urug throws a javelin.
The javelin pierces through you!!
* * * LOW HITPOINT WARNING * * *
You feel very sick.
Urug throws a javelin.
The javelin barely misses you. Something barely misses you.
You climb upwards.
Reactivating autopickup.
You feel very sick.
There is a stone staircase leading down here.
Casting: Fulminant Prism (dangerous; 1% risk of failure)
Confirm with . or Enter, or press ? or * to list all spells.
You can't see any susceptible monsters within range! (Use Z to cast anyway.)
Casting: Fulminant Prism (dangerous; 1% risk of failure)
Confirm with . or Enter, or press ? or * to list all spells.
You erupt in a blast of force!
The mystic blast hits something!!
You feel sick.
You hear some strange, mumbled words.
A lance of force appears from out of thin air!
Deactivating autopickup; reactivate with Ctrl-A.
The lance of force hits you!
* * * LOW HITPOINT WARNING * * *
You are knocked back by the lance of force.
You slam into the rock wall!
You die...

########..#######~~≈≈≈≈##########
#..# #...#### #..## ####...# ###
#.~.### #...# #~# #.....# #...#
#~# #..~..# #...# #~~ #...~.##
#...# #~~
########..~~..######...# ##~
..<.............@......##########
...........~...{................#
#################################
# #


There were no monsters in sight!

Vanquished Creatures
  3 two-headed ogres
  Pikel (D:5)
  Maurice (D:9)
  Maggie (D:9)
  A troll (D:8)
  A hornet (D:9)
  6 spriggans (Bailey)
  3 wyverns (D:9)
  A basilisk (D:9)
  Eustachio (D:6)
  14 yaks
  4 steam dragons
  Menkaure (D:4)
  Edmund (D:4)
  An acid dragon (D:9)
  Duvessa (D:4)
  A water moccasin (D:9)
  A black bear (D:3)
  2 sky beasts
  2 ice beasts
  3 orc warriors
  6 ogres
  A centaur (D:8)
  A phantom (D:4)
  3 lemures (D:5)
  Blork the orc (D:5)
  2 elf zombies (Ossuary)
  2 kobold brigands
  3 bullfrogs
  Dowan (D:4)
  9 killer bees
  4 hounds
  A jelly (D:8)
  2 human zombies (Ossuary)
  6 orc priests
  A sleepcap (D:6)
  Crazy Yiuf (D:4)
  5 iguanas
  Natasha (thrice) (D:2)
  13 orc wizards
  A hound zombie (Ossuary)
  Robin (D:4)
  3 mummies (Ossuary)
  3 adders (D:3)
  6 gnolls
  A shadow imp (D:6)
  A white imp (D:5)
  An ufetubus (D:6)
  3 adder zombies (Ossuary)
  A worm (D:3)
  2 dart slugs
  43 orcs
  7 endoplasms
  5 giant cockroaches
  A gnoll zombie (Ossuary)
  10 goblins
  13 hobgoblins
  3 jackals (D:3)
  12 kobolds
  5 quokkas
  6 ball pythons
  6 bats
  2 goblin zombies (Ossuary)
  5 hobgoblin zombies (Ossuary)
  5 jackal zombies (Ossuary)
  4 kobold zombies (Ossuary)
  2 orc zombies (Ossuary)
  4 quokka zombies
  3 rats
  6 rat zombies
280 creatures vanquished.

Vanquished Creatures (others)
  63 fulminant prisms
63 creatures vanquished.

Grand Total: 343 creatures vanquished

Notes
Turn   | Place    | Note
-------+----------+-------------------------------------------
     0 | D:1      | Cheops the Deep Elf Conjurer began the quest for the Orb.
     0 | D:1      | Reached XP level 1. HP: 10/10 MP: 6/6
   377 | D:1      | Reached XP level 2. HP: 15/15 MP: 0/9
  1220 | D:1      | Learned a level 2 spell: Searing Ray
  1379 | D:2      | Reached XP level 3. HP: 19/19 MP: 9/11
  1523 | D:2      | Reached skill level 5 in Spellcasting
  1757 | D:2      | Noticed Natasha
  1763 | D:2      | Killed Natasha
  1764 | D:2      | Reached skill level 5 in Conjurations
  1836 | D:2      | Reached XP level 4. HP: 24/24 MP: 9/13
  1948 | D:2      | Noticed Natasha
  1962 | D:2      | Killed Natasha
  2252 | D:2      | Noticed Natasha
  2257 | D:2      | Killed Natasha
  2939 | D:3      | Found an opulent altar of Gozag.
  3155 | D:3      | Reached XP level 5. HP: 28/28 MP: 8/14
  3236 | D:3      | Noticed a black bear
  3237 | D:3      | Found a transporter.
  3237 | D:3      | Found a basalt altar of Yredelemnul.
  3238 | D:3      | Noticed a centaur
  3243 | D:3      | Found a transporter.
  3306 | D:3      | Found a faded altar of an unknown god.
  3734 | D:3      | Noticed a black bear
  3743 | D:3      | Killed a black bear
  3744 | D:3      | Reached XP level 6. HP: 27/32 MP: 6/15
  3945 | D:3      | Learned a level 4 spell: Fulminant Prism
  3950 | D:3      | Learned a level 4 spell: Iskenderun's Mystic Blast
  4116 | D:3      | Learned a level 3 spell: Dazzling Flash
  4253 | D:4      | Noticed Duvessa
  4254 | D:4      | Noticed Dowan
  4465 | D:4      | Reached skill level 2 in Hexes
  4606 | D:4      | Noticed Robin
  4612 | D:4      | Killed Robin
  4613 | D:4      | Reached XP level 7. HP: 36/36 MP: 10/16
  4614 | D:4      | Reached skill level 3 in Hexes
  4687 | D:4      | Reached skill level 4 in Hexes
  4733 | D:4      | Found a runed translucent door.
  4736 | D:4      | Noticed Crazy Yiuf
  4740 | D:4      | Killed Crazy Yiuf
  4889 | D:4      | Reached skill level 5 in Hexes
  4944 | D:4      | Noticed Edmund
  4954 | D:4      | Killed Edmund
  4955 | D:4      | Reached skill level 6 in Hexes
  5122 | D:4      | Killed Duvessa
  5123 | D:4      | Reached skill level 7 in Hexes
  5369 | D:4      | Killed Dowan
  5449 | D:4      | Noticed Menkaure
  5470 | D:4      | Killed Menkaure
  5471 | D:4      | Reached skill level 8 in Hexes
  5471 | D:4      | Reached XP level 8. HP: 11/41 MP: 6/17
  5835 | D:5      | Entered Level 5 of the Dungeon
  5835 | D:5      | Found Corghaz's Magic Scroll Boutique.
  5839 | D:5      | Bought a scroll of identify for 24 gold pieces
  5839 | D:5      | Bought a scroll of teleportation for 36 gold pieces
  5842 | D:5      | Noticed Pikel
  5851 | D:5      | Killed Pikel
  5852 | D:5      | Reached skill level 9 in Hexes
  5869 | D:5      | Reached skill level 5 in Translocations
  6026 | D:5      | Noticed Blork the orc
  6029 | D:5      | Killed Blork the orc
  6137 | D:5      | Found a runed translucent gate.
  6137 | D:5      | Found a runed translucent gate.
  6137 | D:5      | Found a runed translucent gate.
  6138 | D:5      | Noticed sheffield53's ghost (novice OgFE)
  6318 | D:5      | Found a staircase to the Ecumenical Temple.
  6622 | D:5      | Bought a scroll of fear for 48 gold pieces
  6622 | D:5      | Bought a scroll of identify for 24 gold pieces
  6715 | D:6      | Found a sand-covered staircase.
  6738 | Ossuary  | Entered an ossuary
  7299 | Ossuary  | Reached XP level 9. HP: 45/45 MP: 20/20
  7731 | D:6      | Reached skill level 10 in Hexes
  8403 | D:6      | Noticed Eustachio
  8415 | D:6      | Killed Eustachio
  8559 | D:6      | Found a glowing golden altar of the Shining One.
  8559 | D:6      | Found a sparkling altar of Nemelex Xobeh.
  8559 | D:6      | Found an iron altar of Okawaru.
  8701 | Temple   | Entered the Ecumenical Temple
  8845 | D:5      | Bought a scroll of enchant armour for 90 gold pieces
  8939 | D:7      | Found an ornate altar of the Wu Jian Council.
  9022 | D:7      | Found a stormy altar of Qazlal.
  9052 | D:7      | Reached skill level 5 in Dodging
  9163 | D:7      | Found a flagged portal.
  9172 | Bailey   | Entered a bailey
  9443 | Bailey   | Noticed a two-headed ogre
  9452 | Bailey   | Killed a two-headed ogre
  9453 | Bailey   | Reached XP level 10. HP: 50/50 MP: 18/21
  9454 | Bailey   | Identified the +0 fire dragon scales of Valiance {rPois
                  | rF++ rC- Int+3}
  9579 | Bailey   | Reached skill level 10 in Dodging
 10164 | D:7      | Identified the -1 cloak "Gur Kued" {Str+2 Int-5 SInv}
 10879 | D:6      | Learned a level 3 spell: Confusing Touch
 11226 | D:8      | Reached skill level 11 in Hexes
 11898 | D:8      | Reached skill level 12 in Hexes
 12206 | D:8      | Found a radiant altar of Vehumet.
 12229 | D:8      | Found an ancient bone altar of Kikubaaqudgha.
 12258 | D:8      | Found a shimmering blue altar of Sif Muna.
 12270 | D:8      | Got Sif Muna's Handbook of Apparitions
 12283 | D:8      | Became a worshipper of Vehumet
 12673 | D:5      | Bought a scroll of vulnerability for 48 gold pieces
 12768 | D:9      | Reached skill level 10 in Conjurations
 12988 | D:9      | Noticed a two-headed ogre
 12994 | D:9      | Killed a two-headed ogre
 12995 | D:9      | Reached XP level 11. HP: 54/54 MP: 24/24
 13066 | D:9      | Found a glowing silver altar of Zin.
 13118 | D:9      | Noticed a two-headed ogre
 13125 | D:9      | Killed a two-headed ogre
 13451 | D:9      | Reached skill level 1 in Fighting
 13587 | D:9      | Found a hazy altar of Hepliaklqana.
 13722 | D:9      | Noticed Maggie
 13736 | D:9      | Killed Maggie
 13859 | D:9      | Noticed Maurice
 13878 | D:9      | Killed Maurice
 14009 | D:9      | Found a staircase to the Lair.
 14132 | D:9      | Found a shimmering altar of Xom.
 14175 | D:9      | Reached * piety under Vehumet
 14175 | D:9      | Offered knowledge of Foxfire by Vehumet.
 14759 | D:5      | Bought a scroll of blinking for 90 gold pieces
 14850 | D:10     | Entered Level 10 of the Dungeon
 14887 | D:10     | Noticed Erica
 14891 | D:10     | Noticed Urug
 14897 | D:9      | Collided with a rock wall

Illustrated notes

Levels and vault maps discovered:
D:1:      elethiomel_arrival_maze, layout_basic
D:2:      layout_basic, corner_web_ring, uniq_natasha
D:3:      layout_loops_ring, grunt_gozag_statues,
          gammafunk_temple_overflow_arena, shapermc_ecumenical_altar_notcrosses,
          minivault_4
D:4:      layout_loops_ring, uniq_crazy_yiuf_cottage, uniq_edmund, uniq_duvessa,
          uniq_robin, uniq_menkaure
D:5:      layout_cave_pools, minmay_temple_entry_wispy,
          ebering_ghost_rock_garden, serial_shops, nicolae_shop_hallway_stairs,
          uniq_blork_the_orc, uniq_pikel
D:6:      layout_rooms, gammafunk_temple_overflow_forgotten, enter_ossuary_4,
          nicolae_concentric_dashed_squares_mild, uniq_eustachio
D:7:      layout_loops_corners, nicolae_qazlal_scattered_showers,
          mainiacjoe_overflow_alcove_2, enter_bailey_2
D:8:      layout_basic, palyth_temple_overflow_mages, minmay_misc_feat_plants,
          chequers_serial_rivers_room_a
D:9:      layout_long_grid, worldfamousw_hep_ancestral_shrine, zin_academy,
          xom_teletrap_fun, minmay_lair_entry_grove, serial_rivers,
          chequers_serial_rivers_micro_b, chequers_serial_rivers_small_b,
          chequers_serial_rivers_small_3, chequers_serial_rivers_micro_c,
          chequers_serial_rivers_large_b, lightli_fourway_metalbox,
          uniq_maurice, uniq_maggie
D:10:     minmay_stone_box, layout_small_grid, orc_0_dummy,
          grunt_decor_junction, serial_bayou_pond_a, minivault_1, uniq_urug,
          uniq_joseph, uniq_erica
Temple:   nicolae_temple_figure_zero

Skill      XL: |  1  2  3  4  5  6  7  8  9 10 11 |
---------------+----------------------------------+-----
Spellcasting   | 4 5 6 7 8 |  8.0
Conjurations   | 5 6 7 8 9 10 | 10.0
Hexes          | 2 8 9 10 12 | 12.0
Translocations | 6 7 |  7.0
Dodging        | 9 11 | 11.0
Fighting       | 4 |  4.8
Stealth        | |  2.4

Action                     |  1- 3 |  4- 6 |  7- 9 | 10-12 || total
---------------------------+-------+-------+-------+-------++-------
  Melee: Dagger            |       |     6 |       |       ||     6
         Quarterstaff      |       |       |     8 |     5 ||    13
         Lance             |       |       |       |     1 ||     1
   Cast: Magic Dart        |    60 |    43 |    77 |    36 ||   216
         Searing Ray       |     6 |    22 |    64 |    50 ||   142
         Fulminant Prism   |       |       |    24 |    39 ||    63
         Iskenderun's Myst |       |       |    14 |    15 ||    29
         Confusing Touch   |       |       |       |     1 ||     1
    Use: Scroll            |       |       |     9 |     2 ||    11
         Potion            |       |       |       |     1 ||     1
   Stab: Sleeping          |       |     2 |     1 |     1 ||     4
 Armour: Robe              |     1 |     2 |     6 |       ||     9
         Steam dragon scal |       |       |     5 |     6 ||    11
  Dodge: Dodged            |     3 |    33 |    41 |    85 ||   162
